Map: Oxide LE

Players

Scarlett

  • Race: Zerg Zerg

Neeb - Winner!

  • Race: Protoss Protoss

Event: DreamHack SC2 Masters 2021 Summer

VOD

Have the link to the VOD?

Description

Time

  • Played on: June 6, 2021, 5:22 p.m.
  • Length: 10:39

All games in this series

Show
View Real Time Build Order
Export as new Build Order

Scarlett Zerg 

Build Orders: Hatch First 

Get SALT Encoding   

  12  0:00  Drone  
  13  0:12  Overlord  
  13  0:16  Drone  
  14  0:31  Drone x2  
  16  0:47  Hatchery  
  15  0:51  Drone  
  15  0:54  Drone  
  17  0:58  Drone  
  18  1:09  Extractor  
  17  1:13  Spawning Pool  
  17  1:16  Drone  
  17  1:20  Drone  
  18  1:28  Drone  
  19  1:39  Drone  
  20  1:50  Drone  
  21  2:00  Queen x2, Zergling x2  
  26  2:01  Overlord  
  26  2:11  Drone x2  
  26  2:12  Metabolic Boost  
  28  2:22  Drone x2  
  30  2:34  Hatchery  
  29  2:40  Queen  
  31  2:44  Overlord  
  31  2:47  Drone  
  31  2:49  Drone  
  33  2:52  Zergling x2  
  33  2:58  Zergling x4  
  36  3:05  Drone  
  37  3:07  Drone x4  
  37  3:10  Drone  
  42  3:13  Overlord  
  42  3:19  Queen  
  44  3:30  Drone, Spore Crawler  
  44  3:34  Drone  
  45  3:35  Drone x3  
  45  3:37  Queen  
  45  3:40  Drone  
  51  3:45  Overlord  
  51  3:46  Drone  
  51  3:52  Zergling x2  
  51  3:53  Zergling x6  
  55  3:56  Spore Crawler  
  54  4:03  Drone  
  54  4:04  Drone x4  
  59  4:13  Overlord  
  59  4:14  Drone x4  
  63  4:25  Overlord  
  63  4:28  Overlord  
  63  4:32  Roach Warren  
  63  4:33  Extractor, Drone x4, Overlord  
  63  4:34  Extractor  
  63  4:38  Lair  
  64  4:41  Drone x2  
  64  4:44  Drone x3  
  68  4:47  Drone x2  
  68  4:50  Drone x2  
  68  4:52  Drone x2  
  74  4:54  Evolution Chamber  
  74  4:56  Drone  
  74  4:58  Drone  
  74  4:59  Drone x2  
  74  5:14  Overlord  
  74  5:15  Drone x7  
  74  5:17  Extractor  
  74  5:20  Extractor  
  74  5:21  Drone  
  80  5:22  Drone x5, Overlord  
  80  5:23  Extractor  
  80  5:25  Overlord  
  84  5:28  Zerg Missile Weapons Level 1  
  84  5:39  Overlord  
  84  5:47  Hatchery  
  82  5:50  Spire  
  82  5:51  Roach  
  82  5:52  Roach x6  
  95  5:57  Glial Reconstitution  
  95  6:05  Drone x8, Infestation Pit  
  102  6:18  Drone x7  
  102  6:24  Overlord  
  115  6:25  Roach x3  
  114  6:33  Overlord x2  
  114  6:37  Overseer  
  114  6:41  Zergling x2  
  114  6:42  Zergling x8  
  114  6:43  Ravager x7  
  114  6:45  Roach x2  
  130  6:48  Overlord x2  
  130  6:57  Extractor  
  130  6:58  Zergling x10  
  130  7:00  Zergling x4  
  136  7:02  Zergling x2  
  137  7:08  Roach  
  137  7:13  Roach  
  137  7:14  Roach x4  
  148  7:20  Zerg Flyer Weapons Level 1  
  148  7:21  Zergling x12  
  154  7:25  Zerg Melee Weapons Level 1  
  154  7:30  Extractor  
  154  7:36  Mutalisk x3  
  154  7:37  Mutalisk  
  153  7:40  Hive  
  153  7:42  Mutalisk  
  163  7:45  Mutalisk  
  165  7:55  Overlord x4  
  165  7:57  Baneling Nest  
  164  8:02  Zergling x8  
  167  8:12  Overlord  
  165  8:15  Hatchery  
  165  8:17  Ravager x8  
  165  8:18  Zergling x30  
  187  8:29  Zergling x8  
  191  8:40  Zergling x16  
  199  8:55  Zergling x18  
  163  9:03  Roach x9  
  163  9:09  Roach x4  
  137  9:17  Roach x6  
  133  9:26  Viper x2  
  133  9:29  Roach x8  
  156  9:31  Zergling x2  
  156  9:38  Roach x5  
  166  9:43  Roach x5  
  176  9:48  Roach x2  
  178  9:53  Roach x3  
  178  9:56  Roach  
  178  9:58  Roach  
  178  9:59  Roach x2  
  174  10:03  Roach x2  
  174  10:05  Roach x2  
  153  10:07  Roach  
  153  10:10  Roach  
  153  10:11  Roach  
  128  10:16  Roach x2  
Show
View Real Time Build Order
Export as new Build Order

Neeb Protoss - Winner!

Build Orders: 1 Gate Expand, Oracle Opening 

Get SALT Encoding   

  12  0:00  Probe  
  13  0:12  Probe  
  14  0:18  Pylon  
  14  0:24  Probe (Chrono Boost)  
  15  0:36  Probe (Chrono Boost)  
  15  0:38  Gateway  
  16  0:45  Probe (Chrono Boost)  
  16  0:46  Assimilator  
  17  0:51  Probe  
  18  1:03  Probe  
  19  1:15  Probe  
  20  1:24  Nexus  
  20  1:35  Cybernetics Core  
  20  1:38  Probe  
  21  1:43  Assimilator  
  21  1:50  Probe  
  21  1:53  Pylon  
  22  2:02  Probe (Chrono Boost)  
  23  2:08  Adept (Chrono Boost)  
  23  2:12  Probe (Chrono Boost)  
  26  2:18  Probe  
  26  2:20  Stargate  
  27  2:27  Warp Gate  
  27  2:31  Adept  
  27  2:32  Probe (Chrono Boost)  
  30  2:38  Probe (Chrono Boost)  
  32  2:47  Probe x2 (Chrono Boost)  
  33  2:52  Probe (Chrono Boost)  
  33  2:54  Probe  
  35  3:01  Oracle (Chrono Boost), Adept  
  35  3:04  Probe  
  41  3:07  Probe  
  41  3:10  Gateway  
  42  3:16  Probe, Pylon  
  42  3:19  Probe  
  44  3:28  Void Ray  
  44  3:29  Probe  
  44  3:32  Probe  
  50  3:37  Pylon  
  50  3:41  Probe  
  51  3:44  Probe  
  52  3:53  Probe  
  52  3:57  Probe  
  52  3:58  Assimilator  
  52  3:59  Assimilator  
  53  4:02  Nexus  
  53  4:06  Probe  
  54  4:11  Probe  
  54  4:12  Pylon  
  55  4:18  Probe  
  57  4:24  Probe  
  57  4:25  Twilight Council, Forge  
  57  4:30  Probe  
  58  4:31  Robotics Facility  
  58  4:36  Probe  
  59  4:39  Sentry  
  59  4:42  Blink, Pylon  
  59  4:44  Probe  
  62  4:48  Gateway  
  62  4:50  Probe, Gateway  
  63  4:53  Protoss Ground Weapons Level 1 (Chrono Boost), Shield Battery  
  63  4:57  Probe  
  64  5:05  Probe  
  65  5:09  Probe  
  66  5:17  Probe x2  
  66  5:19  Observer  
  66  5:23  Gateway, Sentry x2  
  66  5:24  Gateway  
  66  5:27  Gateway  
  70  5:29  Probe  
  70  5:30  Probe  
  70  5:31  Probe  
  70  5:35  Gateway  
  73  5:41  Probe  
  73  5:42  Warp Prism  
  74  5:46  Probe  
  74  5:48  Probe, Sentry x2  
  81  5:50  Sentry  
  81  5:52  Assimilator  
  81  5:55  Stalker  
  85  5:57  Pylon  
  85  6:00  Probe x3  
  88  6:08  Pylon  
  88  6:12  Probe x2  
  88  6:14  Stalker  
  88  6:17  Pylon  
  92  6:18  Stalker  
  92  6:19  Stalker  
  92  6:24  Assimilator  
  96  6:27  Robotics Bay  
  96  6:29  Probe  
  96  6:30  Probe x2  
  99  6:34  Robotics Facility  
  99  6:40  Photon Cannon  
  99  6:44  Pylon  
  99  6:51  Stalker x5  
  109  6:58  Pylon x2  
  109  6:59  Pylon  
  109  7:06  Stalker x3  
  115  7:14  Stalker x3  
  121  7:18  Protoss Ground Weapons Level 2 (Chrono Boost)  
  121  7:19  Pylon  
  122  7:22  Probe  
  122  7:23  Probe  
  123  7:30  Photon Cannon  
  123  7:31  Disruptor (Chrono Boost)  
  126  7:38  Disruptor (Chrono Boost)  
  126  7:41  Charge  
  129  7:46  Stalker x2  
  133  7:58  Stalker x2  
  133  7:59  Zealot x4  
  145  8:19  Photon Cannon  
  145  8:20  Photon Cannon, Shield Battery, Stalker x5  
  145  8:21  Shield Battery  
  155  8:28  Pylon  
  155  8:29  Pylon  
  155  8:31  Pylon  
  155  8:36  Disruptor  
  157  8:44  Photon Cannon  
  157  8:46  Disruptor, Pylon  
  159  8:50  Stalker  
  159  8:51  Stalker x3  
  160  9:04  Stalker x4  
  126  9:18  Stalker x4  
  132  9:29  Nexus  
  132  9:31  Pylon  
  132  9:36  Templar Archives  
  132  9:45  Zealot x4, Sentry x3  
  144  10:05  Stalker x5  
  148  10:10  Stalker  
  148  10:11  Stalker x2  
  130  10:35  Zealot x7  
Tags
 
Add a new tag
Caveats
  • Supply blocks, unpowered buildings, or Contaminate may cause inaccurate times.
  • Supply counts are checked every 10 seconds.